Map: [ESL] Data-C

Players

Reynor

  • Race: Zerg Zerg
  • Spawn Location: 3:00

Spirit - Winner!

  • Race: Terran Terran
  • Spawn Location: 9:00

Event: DreamHack SC2 Masters 2022 Atlanta (Online)

VOD

Have the link to the VOD?

Description

Time

  • Played on: Sept. 28, 2022, 1:36 p.m.
  • Length: 16:56

All games in this series

Show
View Real Time Build Order
Export as new Build Order

Reynor Zerg 

Build Orders: Pool First 

Get SALT Encoding   

  12  0:00  Drone  
  13  0:11  Overlord  
  13  0:16  Drone  
  14  0:30  Drone x2  
  17  0:35  Drone  
  17  0:44  Drone, Extractor  
  17  0:50  Spawning Pool  
  17  0:55  Drone  
  17  1:06  Drone  
  18  1:20  Hatchery  
  18  1:22  Drone  
  18  1:36  Zergling x2  
  18  1:37  Queen  
  21  1:44  Metabolic Boost  
  21  1:51  Overlord  
  21  1:54  Drone  
  22  2:09  Drone  
  22  2:12  Zergling x2  
  24  2:16  Roach Warren  
  24  2:22  Zergling x2  
  24  2:32  Zergling x2  
  24  2:34  Overlord  
  25  2:42  Overlord  
  25  2:56  Roach  
  25  2:57  Roach x4  
  35  3:05  Roach  
  37  3:07  Roach  
  39  3:18  Zergling x8  
  43  3:24  Ravager  
  44  3:28  Overlord  
  44  3:29  Zergling x2  
  44  3:39  Zergling x2  
  44  3:40  Zergling x2  
  46  3:48  Zergling x4  
  48  3:50  Zergling x4  
  48  3:52  Ravager  
  48  3:53  Zergling x2  
  52  4:00  Overlord  
  52  4:11  Zergling x4  
  52  4:16  Drone  
  50  4:20  Ravager  
  50  4:22  Drone x2  
  52  4:24  Drone  
  52  4:25  Drone  
  52  4:28  Drone  
  53  4:33  Drone  
  53  4:38  Drone  
  52  4:42  Queen  
  54  4:46  Ravager  
  54  4:48  Drone  
  54  4:49  Drone  
  57  4:53  Overlord  
  57  4:58  Drone x2  
  59  5:01  Drone  
  59  5:03  Drone  
  59  5:05  Drone  
  59  5:13  Drone  
  57  5:17  Drone  
  58  5:24  Drone, Hatchery  
  58  5:26  Queen  
  59  5:31  Drone  
  59  5:32  Drone  
  59  5:35  Queen  
  63  5:42  Drone  
  64  5:44  Spore Crawler  
  64  5:45  Overlord  
  64  5:48  Drone  
  64  5:53  Drone x3  
  64  5:54  Drone  
  68  6:03  Spore Crawler  
  67  6:04  Lair  
  67  6:05  Drone  
  67  6:06  Drone x2, Extractor  
  67  6:07  Drone  
  70  6:13  Drone  
  70  6:14  Overlord  
  71  6:20  Spore Crawler, Queen  
  71  6:22  Baneling Nest  
  71  6:24  Drone  
  71  6:25  Drone  
  73  6:26  Ravager  
  73  6:29  Roach  
  73  6:31  Overlord  
  76  6:35  Overlord  
  76  6:36  Drone x2  
  77  6:46  Overlord  
  77  6:50  Drone x3  
  77  6:51  Drone  
  81  6:56  Drone x3  
  81  6:57  Drone x2, Overlord  
  81  6:58  Drone  
  87  7:04  Drone  
  87  7:06  Evolution Chamber  
  87  7:09  Queen, Centrifugal Hooks  
  87  7:10  Drone  
  87  7:13  Drone  
  87  7:14  Drone  
  92  7:18  Overseer  
  92  7:20  Drone x2  
  92  7:21  Extractor  
  92  7:22  Extractor  
  92  7:27  Spore Crawler  
  92  7:29  Drone  
  92  7:35  Zergling x8  
  92  7:36  Zergling x4  
  98  7:41  Overlord  
  98  7:42  Hatchery  
  97  7:47  Zergling x8  
  97  7:50  Evolution Chamber  
  98  7:52  Drone x2  
  98  7:57  Drone  
  99  8:02  Zerg Ground Armor Level 1, Drone x2  
  99  8:04  Drone x2  
  103  8:10  Zergling x10  
  108  8:14  Zergling x2  
  108  8:18  Zergling x2  
  108  8:19  Evolution Chamber  
  109  8:20  Overlord  
  109  8:21  Zergling x6  
  109  8:26  Drone  
  113  8:27  Overlord  
  113  8:29  Spore Crawler  
  113  8:31  Overlord  
  112  8:34  Drone  
  112  8:35  Overlord  
  112  8:40  Drone x5  
  118  8:43  Overlord, Extractor  
  118  8:44  Baneling x8  
  118  8:45  Drone  
  118  8:46  Drone  
  119  8:53  Zerg Melee Weapons Level 1  
  119  8:54  Zergling x8, Burrow  
  122  8:56  Zergling x4  
  121  9:03  Zergling x2  
  121  9:05  Zergling x6  
  121  9:06  Zergling x2, Roach  
  121  9:07  Ravager  
  121  9:09  Zergling x2  
  130  9:11  Drone x3  
  130  9:13  Queen  
  130  9:14  Spore Crawler, Zergling x2  
  135  9:19  Zergling x6  
  135  9:23  Zergling x2  
  139  9:24  Baneling x11  
  139  9:25  Zergling x4  
  139  9:26  Zergling x2, Baneling x5  
  139  9:27  Baneling x3  
  139  9:28  Zergling x2  
  139  9:29  Zergling x2  
  139  9:30  Zergling x2  
  144  9:33  Drone  
  144  9:36  Zergling x4  
  147  9:39  Zergling x10  
  147  9:43  Spore Crawler  
  147  9:44  Zergling x4  
  147  9:45  Spore Crawler  
  153  9:47  Overlord  
  153  9:51  Drone  
  154  9:55  Zergling x4  
  154  9:56  Hatchery  
  154  9:58  Zerg Ground Armor Level 2  
  154  9:59  Drone x2  
  157  10:01  Infestation Pit, Drone, Overlord  
  157  10:02  Zergling x2  
  157  10:04  Zergling x4  
  157  10:05  Overlord  
  160  10:08  Zergling x4  
  160  10:12  Zergling x6  
  160  10:13  Zergling x4  
  162  10:16  Queen  
  162  10:17  Zergling x4  
  162  10:21  Drone  
  157  10:28  Drone x3  
  159  10:29  Drone x2  
  159  10:30  Drone  
  159  10:34  Zergling x4  
  164  10:37  Drone  
  164  10:38  Baneling x8, Drone  
  164  10:39  Drone, Hive  
  164  10:40  Drone x2  
  164  10:42  Drone  
  168  10:47  Zergling x2  
  164  10:50  Baneling x10  
  164  10:53  Zergling x6  
  164  10:55  Zergling x2  
  150  11:00  Zergling x20  
  150  11:02  Zergling x2  
  154  11:06  Queen x2  
  154  11:07  Zergling x2  
  154  11:11  Zergling x4  
  157  11:15  Zergling x2  
  157  11:18  Overseer  
  151  11:19  Zerg Melee Weapons Level 2  
  151  11:20  Drone x2  
  151  11:21  Drone  
  151  11:24  Drone x3  
  157  11:28  Drone  
  157  11:32  Drone, Extractor  
  158  11:33  Zergling x4, Extractor  
  158  11:35  Zergling x2  
  158  11:37  Drone x3  
  163  11:40  Drone  
  163  11:41  Drone  
  163  11:42  Drone  
  163  11:44  Spore Crawler, Drone  
  166  11:47  Zergling x2  
  166  11:49  Drone  
  166  11:53  Viper, Overlord  
  166  11:54  Viper x2  
  168  11:57  Zergling x10  
  168  11:59  Zergling x2  
  168  12:00  Queen  
  185  12:01  Zergling x2  
  185  12:02  Extractor  
  176  12:09  Zergling x10  
  176  12:10  Zergling x2  
  176  12:12  Zergling x8  
  176  12:13  Zergling x2  
  176  12:16  Baneling x8  
  176  12:18  Zergling x2  
  176  12:21  Zergling x8  
  180  12:25  Zergling x4  
  180  12:28  Drone x2  
  182  12:32  Zergling x6  
  185  12:38  Zerg Ground Armor Level 3  
  185  12:39  Overlord  
  185  12:41  Hatchery  
  185  12:43  Zergling x16  
  190  12:47  Hatchery  
  190  12:50  Zergling x2  
  190  12:51  Zergling x10  
  191  12:53  Overlord  
  191  12:54  Extractor  
  190  13:00  Zergling x12  
  190  13:03  Baneling x5  
  190  13:04  Zergling x6, Baneling x5  
  195  13:11  Zergling x8  
  173  13:13  Baneling x10  
  173  13:19  Zergling x12  
  177  13:22  Zergling x2  
  177  13:23  Zergling x2  
  179  13:27  Adrenal Glands  
  179  13:30  Zergling x8  
  179  13:31  Zergling x4  
  179  13:32  Zergling x6  
  187  13:39  Zergling x2  
  185  13:41  Baneling x10  
  185  13:42  Baneling x6  
  185  13:46  Zergling x6  
  185  13:48  Zergling x8  
  176  13:55  Zergling x2  
  176  13:56  Zergling x14  
  176  13:58  Baneling x13  
  176  13:59  Baneling x5  
  176  14:00  Zergling x8  
  185  14:06  Roach x3  
  191  14:15  Zergling x10  
  191  14:16  Zergling x8  
  190  14:22  Zergling x8, Roach x3  
  184  14:28  Zergling x6  
  185  14:31  Zergling x6  
  185  14:32  Zergling x2  
  176  14:42  Zergling x2  
  176  14:43  Zergling x6  
  176  14:44  Roach x2  
  176  14:45  Queen x2  
  166  14:46  Zergling x2  
  166  14:48  Zergling x2  
  166  14:51  Zergling x8  
  166  14:52  Ultralisk Cavern  
  165  14:54  Zergling x2  
  165  14:57  Hatchery  
  163  15:01  Baneling x16  
  163  15:04  Hatchery  
  160  15:15  Zergling x18  
  160  15:18  Queen  
  163  15:41  Ultralisk x4  
  163  15:42  Zergling x10  
  192  15:43  Zergling x6  
  192  15:48  Baneling x6, Ravager x2  
  196  15:59  Zergling x8  
  196  16:03  Baneling  
  196  16:04  Baneling x10  
  193  16:18  Zergling x10  
  177  16:25  Zergling x8  
  167  16:32  Zergling x6  
Show
View Real Time Build Order
Export as new Build Order

Spirit Terran - Winner!

Build Orders: Command Center First (CC) 

Get SALT Encoding   

  12  0:00  SCV  
  13  0:12  SCV  
  14  0:17  Supply Depot  
  14  0:24  SCV  
  15  0:38  SCV  
  16  0:50  SCV  
  17  1:01  Command Center  
  17  1:05  SCV  
  18  1:14  Barracks  
  18  1:17  SCV  
  19  1:22  Refinery  
  19  1:29  SCV  
  19  1:32  Refinery  
  20  1:41  SCV  
  21  1:53  SCV  
  22  2:01  Reaper  
  22  2:05  Orbital Command  
  23  2:14  Orbital Command  
  23  2:22  Factory  
  23  2:31  SCV  
  23  2:34  Supply Depot, Barracks Reactor  
  24  2:41  SCV  
  24  2:43  Bunker  
  26  2:44  SCV  
  26  2:53  SCV  
  26  2:56  SCV  
  28  3:06  Factory Tech Lab  
  28  3:08  Orbital Command  
  28  3:11  Marine x2  
  31  3:17  SCV  
  31  3:18  Supply Depot  
  29  3:22  Supply Depot  
  29  3:24  Cyclone  
  32  3:29  SCV, Marine x2  
  32  3:30  Starport  
  35  3:34  SCV  
  36  3:42  SCV  
  36  3:46  SCV  
  36  3:47  Marine x2  
  40  3:52  Orbital Command  
  40  3:54  SCV  
  41  3:56  Siege Tank  
  44  4:07  Command Center, Starport Tech Lab  
  44  4:14  SCV  
  43  4:26  SCV  
  43  4:30  Marine  
  45  4:35  Orbital Command  
  45  4:38  SCV  
  45  4:41  Supply Depot  
  45  4:44  Cloaking Field  
  46  4:47  Banshee  
  46  4:50  SCV  
  50  5:00  SCV  
  50  5:03  SCV, Hellion  
  50  5:04  Hellion  
  56  5:09  Orbital Command  
  57  5:15  SCV  
  57  5:17  Stimpack, Marine  
  57  5:19  Orbital Command  
  54  5:25  Hellion x2  
  54  5:27  SCV  
  59  5:34  SCV  
  60  5:35  Banshee  
  60  5:39  SCV  
  64  5:45  SCV  
  64  5:46  SCV  
  66  5:51  SCV  
  66  5:52  Supply Depot x2  
  67  5:57  SCV  
  67  6:00  Barracks  
  67  6:02  Barracks  
  67  6:03  Orbital Command, Factory Reactor  
  67  6:04  Engineering Bay x2, SCV  
  69  6:07  SCV  
  70  6:13  Refinery  
  70  6:15  Refinery  
  70  6:16  SCV  
  70  6:17  Marine  
  72  6:19  SCV  
  73  6:28  SCV  
  73  6:29  Starport Reactor  
  73  6:31  SCV  
  73  6:32  Barracks, Terran Infantry Armor Level 1, Terran Infantry Weapons Level 1  
  75  6:34  Barracks  
  75  6:36  SCV  
  76  6:40  Supply Depot, SCV  
  76  6:43  SCV  
  78  6:48  SCV  
  78  6:52  Supply Depot, SCV  
  78  6:53  Supply Depot  
  80  6:56  SCV, Siege Tank, Marine  
  80  6:57  Combat Shield  
  80  7:00  SCV  
  86  7:03  Marine x2  
  86  7:04  SCV  
  86  7:07  Bunker, Marine x2  
  86  7:08  SCV  
  92  7:09  Refinery  
  92  7:13  SCV  
  92  7:14  Medivac, Marine  
  96  7:16  SCV  
  96  7:18  Medivac  
  96  7:20  SCV  
  96  7:21  Marine x2  
  102  7:25  Barracks Reactor, SCV, Marine  
  102  7:26  Supply Depot  
  102  7:28  SCV  
  106  7:30  Barracks Reactor  
  106  7:31  Marine  
  106  7:32  SCV, Marine  
  108  7:37  SCV  
  108  7:38  Armory, Marine  
  108  7:39  Marine  
  108  7:40  SCV  
  108  7:42  Supply Depot, Marine  
  113  7:48  Supply Depot, Siege Tank  
  113  7:49  Marine  
  117  7:51  Medivac  
  117  7:54  Marine  
  117  7:56  Marine x2  
  114  8:00  Marine  
  114  8:02  Marine  
  114  8:04  Marine  
  117  8:06  Command Center, Marine  
  117  8:11  Marine x2  
  117  8:12  Supply Depot, Marine  
  121  8:15  Supply Depot  
  121  8:18  Marine  
  122  8:20  SCV, Siege Tank, Marine  
  122  8:23  SCV, Marine  
  129  8:27  Terran Infantry Weapons Level 2  
  129  8:28  Factory  
  129  8:32  Marine  
  129  8:33  Marine x5  
  135  8:37  Marine x2  
  135  8:41  Marine  
  138  8:45  Medivac  
  138  8:46  Medivac  
  142  8:50  Terran Infantry Armor Level 2, Marine x5  
  142  8:51  Marine  
  142  8:54  Marine  
  149  8:55  Marine  
  149  8:59  Marine  
  151  9:04  Siege Tank  
  151  9:08  Marine x2  
  151  9:09  Marine x2  
  157  9:13  Factory Tech Lab  
  157  9:14  Barracks  
  157  9:15  Barracks x2  
  157  9:17  Marine  
  157  9:20  Marine x4  
  157  9:22  SCV x2  
  164  9:26  SCV, Marine  
  165  9:33  Siege Tank  
  165  9:34  SCV x2  
  165  9:35  Marine x2  
  172  9:54  Planetary Fortress  
  172  9:58  Supply Depot x2, Sensor Tower  
  172  9:59  Supply Depot  
  172  10:04  Barracks Tech Lab x3  
  172  10:12  SCV x2, Siege Tank, Marine  
  172  10:13  Marine x3  
  172  10:14  Marine  
  171  10:16  SCV  
  171  10:19  Medivac, Siege Tank, Marauder  
  179  10:24  SCV  
  179  10:27  Marauder x3  
  185  10:38  Command Center  
  185  10:41  SCV  
  185  10:42  Marauder  
  188  10:44  Siege Tank  
  188  10:48  Medivac, Marauder  
  195  10:52  Siege Tank  
  195  10:53  Medivac  
  195  10:56  Marauder x2  
  184  11:04  Marauder  
  177  11:09  Marauder  
  169  11:12  Marine  
  169  11:16  Siege Tank, Marine  
  169  11:17  Marauder x2  
  164  11:22  SCV x2, Refinery x2  
  164  11:24  SCV  
  164  11:25  Marauder  
  168  11:26  Medivac  
  168  11:27  Marine  
  168  11:28  Marine  
  168  11:29  Marine x4  
  168  11:30  Marine  
  168  11:31  Marauder  
  179  11:34  Refinery, Marine  
  179  11:36  Ghost Academy  
  179  11:38  Marauder  
  179  11:39  Marauder  
  184  11:45  Marine  
  184  11:46  Siege Tank, Marine x2  
  190  11:47  Marine x4  
  190  11:48  Marine  
  190  11:52  Marine x2  
  196  11:55  Siege Tank  
  196  11:59  Marine  
  200  12:08  Terran Infantry Weapons Level 3  
  198  12:09  Marine  
  198  12:11  Marine  
  198  12:13  Marine  
  198  12:14  Marine x8  
  199  12:17  Marine  
  200  12:27  Marine  
  200  12:29  Siege Tank  
  197  12:33  Marauder, Marine  
  197  12:35  Planetary Fortress  
  200  12:42  Siege Tank  
  200  12:44  Command Center  
  200  12:48  Command Center, Missile Turret  
  189  12:55  Terran Infantry Armor Level 3  
  189  13:01  Siege Tank  
  192  13:09  Marine  
  192  13:11  Ghost x2  
  172  13:23  Refinery x2, Ghost  
  172  13:24  Sensor Tower  
  174  13:32  Marine  
  174  13:33  Marauder, Marine x7  
  179  13:40  Marauder, Marine, Siege Tank  
  185  13:50  Marine x4  
  185  13:51  Ghost  
  185  13:55  Ghost  
  181  13:57  Ghost  
  185  14:06  Ghost  
  186  14:11  Siege Tank  
  170  14:20  Ghost  
  168  14:26  Marine  
  168  14:27  Marine x6  
  168  14:29  Siege Tank, Marine  
  168  14:43  Siege Tank  
  168  14:44  Marine  
  168  14:45  Neosteel Armor  
  165  14:47  Marine  
  165  14:50  Marine x9  
  165  14:51  Marauder  
  161  14:55  Planetary Fortress  
  161  15:01  Siege Tank  
  161  15:06  Medivac  
  168  15:07  Orbital Command  
  168  15:08  Command Center  
  180  15:16  Siege Tank  
  180  15:18  Marauder, Marine  
  180  15:19  Marauder x3  
  178  15:22  Marine  
  178  15:24  Marine  
  178  15:26  Marine x5  
  185  15:33  Siege Tank  
  188  15:36  Marine  
  188  15:37  Medivac x2  
  188  15:39  Marine  
  188  15:40  Marauder x3  
  200  15:57  Siege Tank  
  198  16:09  Marauder  
  198  16:16  Marine  
  187  16:30  Marine  
  187  16:32  Marine x8  
  187  16:33  Marauder x2  
  187  16:34  Marine  
  189  16:43  Command Center  
Tags
 
Add a new tag
Caveats
  • Supply blocks, unpowered buildings, or Contaminate may cause inaccurate times.
  • Supply counts are checked every 10 seconds.